 Dungeon Crawl Stone Soup version 0.30.0-3-ga4e48a9924 (webtiles) character file.

Game seed: 1012659346658511461

56 Pimp the Sneak (level 3, -5/19 HPs)
             Began as a Tengu Enchanter on May 7, 2023.
             Slain by Crazy Yiuf
             ... wielding a +3 quarterstaff of chaos
              (10 damage)
             ... on level 2 of the Dungeon.
             The game lasted 00:03:58 (1513 turns).

Pimp the Sneak (Tengu Enchanter)                    Turns: 1513, Time: 00:03:58

Health: -5/19      AC:  4    Str:  8    XL:     3   Next: 97%
Magic:  5/7        EV: 13    Int: 15    God:
Gold:   139        SH:  0    Dex: 16    Spells: 1/6 levels left

rFire   . . .        a - +2 dagger (venom)
rCold   . . .        (no shield)
rNeg    . . .        b - +0 robe
rPois   .            (helmet restricted)
rElec   .            (no cloak)
rCorr   .            h - +1 pair of gloves
SInv    .            (boots unavailable)
Will    .....        (no amulet)
Stlth   ++           (no ring)
HPRegen 0.23/turn    (no ring)
MPRegen 0.10/turn

%: no passive effects
@: attractive, invisible
A: beak, talons 3
a: no special abilities


You were on level 2 of the Dungeon.
You visited 1 branch of the dungeon, and saw 2 of its levels.

You collected 139 gold pieces.

Inventory:

Hand Weapons
 a - a +2 dagger of venom (weapon)
Armour
 b - a +0 robe (worn)
 h - a +1 pair of gloves (worn)
Potions
 c - a potion of invisibility
 d - a potion of berserk rage
 f - a potion of heal wounds
 j - a potion of flight
 k - 2 potions of degeneration
 l - a potion of mutation {unknown}
 o - a potion of cancellation {unknown}


   Skills:
 + Level 0.2 Fighting
 + Level 1.8 Short Blades
 + Level 2.6 Dodging
 + Level 3.5 Stealth
 + Level 2.2 Spellcasting
 + Level 2.6 Hexes
 * Level 0.3 Ice Magic


You had one spell level left.
You knew the following spells:

 Your Spells              Type           Power      Damage    Failure   Level
a - Ensorcelled Hibernat  Hex/Ice        12%        N/A       19%         2
b - Tukima's Dance        Hex            9%         N/A       22%         3

Your spell library contained the following spells:

 Spells                   Type           Power      Damage    Failure   Level
 Confusing Touch          Hex            9%         N/A       22%         3
 Dazzling Flash           Conj/Hex       10%        N/A       36%         3


Dungeon Overview and Level Annotations

Branches:
Dungeon (2/15)

Altars:
Yredelemnul

Annotations:
D:2 Crazy Yiuf


Innate Abilities, Weirdness & Mutations

You have a beak for a mouth.
You have claws for feet.


Message History

Crazy Yiuf cries, "Flower arga ragdoll!"
You feel your willpower return.
As you read the scroll labelled PAREN BUVEGO, it crumbles to dust.
It is a scroll of enchant armour.
Your +0 pair of gloves glows green for a moment.
As you read the scroll of enchant weapon, it crumbles to dust.
Your +1 dagger of venom glows red for a moment.
It was a potion of attraction.
You feel attractive to monsters.
You fade into invisibility!
You open the door. You closely miss Crazy Yiuf.
You claw Crazy Yiuf, but do no damage. Crazy Yiuf barely misses you.
You barely miss Crazy Yiuf. Your kick misses Crazy Yiuf.
Your peck misses Crazy Yiuf. Crazy Yiuf barely misses you.
You closely miss Crazy Yiuf. You claw Crazy Yiuf. Your peck misses Crazy Yiuf.
Crazy Yiuf is lightly wounded.
Crazy Yiuf hits you with a +3 quarterstaff of chaos.
You closely miss Crazy Yiuf. Your peck misses Crazy Yiuf.
Crazy Yiuf is lightly wounded.
Crazy Yiuf closely misses you.
You hit Crazy Yiuf but do no damage.
Crazy Yiuf is lightly wounded.
Crazy Yiuf barely misses you.
Casting: Ensorcelled Hibernation (safe; 19% risk of failure)
Confirm with . or Enter, or press ? or * to list all spells.
Aiming: Ensorcelled Hibernation (safe; 19% risk of failure)
Press: ? - help, Shift-Dir - straight line, f - Crazy Yiuf
Aim: Crazy Yiuf, wielding a +3 quarterstaff of chaos and wearing a +0 cloak (lightly wounded, unable to see you, chance to affect: 49%) Crazy Yiuf resists with some effort.
Crazy Yiuf hits you with a +3 quarterstaff of chaos!
Ouch! That really hurt!
Crazy Yiuf burns you.
* * * LOW HITPOINT WARNING * * *
You hit Crazy Yiuf. Your kick misses Crazy Yiuf.
Crazy Yiuf is moderately wounded.
Crazy Yiuf whimpers, "Announcement action disdain!"
Crazy Yiuf hits you with a +3 quarterstaff of chaos!
Ouch! That really hurt!
You die...

#.#..# ##..#...### ###.# ..#..#
####.....#######...# ## .#####
###<....#### #....#.# #.
.#######.####### ######.# #.
.........# #.####. ....#...##
####### #.##... .###..###
###**###.#...###.#..## ####.##
#...##..#.P#...#...### ###..#
#...g@####PP......## # .#..##
#)..### ##..#.#..#### ...## ###**
######..##.. .### #..##.# ..#
##..#..# #.# ###
##########).##.## #.###### #.#
#....>......##.## #..#...# ####.#
#.####......#....
...#...###....###.###............


You could see Crazy Yiuf (unable to see you).

Vanquished Creatures
  2 adders (D:2)
  2 endoplasms
  2 giant cockroaches (D:2)
  5 hobgoblins
  4 jackals (D:1)
  4 kobolds
  2 quokkas (D:2)
  6 ball pythons
  2 frilled lizards
  5 goblins
  2 rats (D:2)
36 creatures vanquished.

Vanquished Creatures (others)
  2 fungi (D:2)
2 creatures vanquished.

Grand Total: 38 creatures vanquished

Notes
Turn   | Place    | Note
-------+----------+-------------------------------------------
     0 | D:1      | Pimp the Tengu Enchanter began the quest for the Orb.
     0 | D:1      | Reached XP level 1. HP: 10/10 MP: 4/4
    67 | D:1      | Reached XP level 2. HP: 15/15 MP: 6/6
   139 | D:1      | Learned a level 2 spell: Ensorcelled Hibernation
   271 | D:1      | Found a faded altar of an unknown god.
   762 | D:2      | Reached XP level 3. HP: 14/19 MP: 7/7
  1317 | D:2      | Found a runed translucent door.
  1318 | D:2      | Noticed Crazy Yiuf
  1384 | D:2      | Found a basalt altar of Yredelemnul.
  1458 | D:2      | Learned a level 3 spell: Tukima's Dance
  1513 | D:2      | Slain by Crazy Yiuf

Illustrated notes

Levels and vault maps discovered:
D:1:      dpeg_arrival_tiny_c, layout_basic,
          shapermc_ecumenical_altar_hornbeckon
D:2:      layout_rooms, basic_altar, uniq_crazy_yiuf_cottage

Action                     || total
---------------------------++-------
  Melee: Dagger            ||    84
         Kick              ||    22
         Peck              ||     6
         Punch             ||     1
   Cast: Ensorcelled Hiber ||     4
    Use: Scroll            ||    13
         Potion            ||     2
   Stab: Sleeping          ||     4
 Armour: Robe              ||    16
  Dodge: Dodged            ||    53
